 Dungeon Crawl Stone Soup version 0.29-a0-234-g0dae59b3db (webtiles) character file.

Game seed: 1932959227117119772

2705 fragbeetle the Destroyer (level 9, -8/66 HPs)
             Began as a Gnoll Conjurer on Mar 2, 2022.
             Was a Believer of Ashenzari.
             Killed from afar by a steam dragon (15 damage)
             ... with a ball of steam
             ... on level 8 of the Dungeon.
             The game lasted 00:18:44 (9118 turns).

fragbeetle the Destroyer (Gnoll Conjurer)           Turns: 9118, Time: 00:18:45

Health: -8/66      AC: 12    Str:  8    XL:     9   Next: 65%
Magic:  12/19      EV: 12    Int: 21    God:    Ashenzari [**....]
Gold:   495        SH:  5    Dex: 10    Spells: 6/21 levels left

rFire   . . .      SeeInvis +   b - +4 short sword (protect)
rCold   . . .      Faith    .   q - +0 buckler "Ruined Entitlement" {Fort, Melee} (curse)
rNeg    . . .      Spirit   .   u - +0 leather armour of Supernal Understanding {Melee, Range} (curse)
rPois   .          Reflect  .   (no helmet)
rElec   .          Harm     .   (no cloak)
rCorr   +          Rampage  .   (no gloves)
Will    .....                   p - +0 pair of boots of Ashenzari's Paranoia {Alch, Elem} (curse)
Stlth   +++.......              (no amulet)
HPRegen 0.21/turn               z - ring of resist corrosion
MPRegen 0.16/turn               D - ring of see invisible

@: under a protective aura
A: fangs 1, strong nose, distributed training
a: Renounce Religion, Shatter the Chains


You were on level 8 of the Dungeon.
You worshipped Ashenzari.
Ashenzari was pleased with you.
You visited 2 branches of the dungeon, and saw 9 of its levels.
You also visited: Ossuary.

You collected 605 gold pieces.
You spent 110 gold pieces at shops.

Inventory:

Hand Weapons
 b - a +4 short sword of protection (weapon)
 c - a +0 hunting sling
 j - a +0 vampiric long sword
Missiles
 l - 17 poisoned darts
 s - 10 javelins
 t - 8 boomerangs
Armour
 p - the cursed +0 pair of boots of Ashenzari's Paranoia (worn) {Alch, Elem}
   (You found it on level 2 of the Dungeon)

   It has a curse which improves the following skills: Alchemy: Poison Magic and
   Transmutations.
   Elements:  Fire Magic, Ice Magic, Air Magic and Earth Magic.
 q - the cursed +0 buckler "Ruined Entitlement" (worn) {Fort, Melee}
   (You found it on level 3 of the Dungeon)

   It has a curse which improves the following skills: Fortitude: Armour and
   Shields.
   Melee Combat: Short Blades, Long Blades, Axes, Maces & Flails, Polearms,
   Staves and Unarmed Combat.
 u - the cursed +0 leather armour of Supernal Understanding (worn) {Melee, Range}
   (You found it on level 4 of the Dungeon)

   It has a curse which improves the following skills: Melee Combat: Short
   Blades, Long Blades, Axes, Maces & Flails, Polearms, Staves and Unarmed
   Combat.
   Ranged Combat: Slings, Bows, Crossbows and Throwing.
 w - a +2 ring mail of fire resistance
Jewellery
 z - a ring of resist corrosion (left hand)
 D - a ring of see invisible (right hand)
Wands
 v - a wand of polymorph (14)
 B - a wand of paralysis (7)
 E - a wand of charming (3)
Scrolls
 d - a scroll of torment
 e - 6 scrolls of immolation
 f - a scroll of fog
 g - 2 scrolls of magic mapping
 h - 7 scrolls of teleportation
 i - a scroll of brand weapon
 n - a scroll of silence
 x - 4 scrolls of fear
 y - a scroll of vulnerability
 A - 2 scrolls of amnesia
 C - 2 scrolls of enchant armour
 J - a scroll of enchant weapon
Potions
 a - a potion of berserk rage
 k - 2 potions of ambrosia
 m - a potion of might
 o - a potion of cancellation
 r - 3 potions of curing
 F - 2 potions of haste
 G - a potion of flight
 H - a potion of lignification
 I - a potion of heal wounds
 K - a potion of attraction
 L - a potion of magic


   Skills:
 + Level 4.4 Fighting
 + Level 4.4(6.2) Short Blades
 + Level 4.4(6.2) Long Blades
 + Level 4.4(6.2) Axes
 + Level 4.4(6.2) Maces & Flails
 + Level 4.4(6.2) Polearms
 + Level 4.4(6.2) Staves
 + Level 4.4(5.6) Slings
 + Level 4.4(5.6) Bows
 + Level 4.4(5.6) Crossbows
 + Level 4.4(5.6) Throwing
 + Level 4.4(5.6) Armour
 + Level 6.4 Dodging
 + Level 6.2 Stealth
 + Level 4.4(5.6) Shields
 + Level 4.4(6.2) Unarmed Combat
 + Level 6.8 Spellcasting
 + Level 8.1 Conjurations
 + Level 3.6 Hexes
 + Level 3.6 Summonings
 + Level 3.6 Necromancy
 + Level 3.6 Translocations
 + Level 3.6(4.8) Transmutations
 + Level 3.6(4.8) Fire Magic
 + Level 3.6(4.8) Ice Magic
 + Level 3.6(4.8) Air Magic
 + Level 3.6(4.8) Earth Magic
 + Level 3.6(4.8) Poison Magic
 + Level 4.9 Invocations
 + Level 4.4 Evocations


You had 6 spell levels left.
You knew the following spells:

 Your Spells              Type           Power      Damage    Failure   Level
a - Magic Dart            Conj           100%       1d8       1%          1
b - Searing Ray           Conj           82%        2d7       1%          2
c - Fulminant Prism       Conj/Hex       15%        3d11      14%         4
d - Sticky Flame          Conj/Fire      34%        2d5       11%         4
e - Iskenderun's Mystic   Conj/Tloc      31%        2d8       14%         4

Your spell library contained the following spells:

 Spells                   Type           Power      Damage    Failure   Level
 Foxfire                  Conj/Fire      100%       2x1d9     1%          1
 Dazzling Flash           Conj/Hex       62%        N/A       4%          3
 Frozen Ramparts          Ice            54%        1d7       6%          3
 Inner Flame              Hex/Fire       24%        N/A       9%          3
 Summon Ice Beast         Ice/Summ       24%        N/A       26%         4
 Cause Fear               Hex            11%        N/A       34%         4
 Summon Mana Viper        Hex/Summ       22%        N/A       67%         5
 Monstrous Menagerie      Summ           11%        N/A       100%        7
 Discord                  Hex            11%        N/A       100%        8
 Polar Vortex             Ice            13%        N/A       100%        9


Dungeon Overview and Level Annotations

Branches:
Dungeon (8/15)             Temple (1/1) D:4         Ossuary (visited)
   Lair: D:8-11

Altars:
Ashenzari
Cheibriados
Dithmenos
Elyvilon
Fedhas
Gozag
Hepliaklqana
Kikubaaqudgha
Makhleb
Nemelex Xobeh
Okawaru
Ru
Sif Muna
Trog
Uskayaw
Vehumet
Wu Jian
Xom
Yredelemnul
The Shining One

Shops:
D:1 *   D:4 **

Annotations:
D:4 1 runed translucent door, Crazy Yiuf
D:5 Edmund


Innate Abilities, Weirdness & Mutations

You have very sharp teeth.
Your uncanny sense of smell can sniff out nearby items.
Your experience applies equally to all skills.


Message History

The searing ray hits the steam dragon!
The steam dragon is moderately wounded. (Press . to maintain the ray.)
The steam dragon breathes steam at you. The ball of steam hits you!
You are engulfed in a cloud of scalding steam.
The searing ray hits the steam dragon.
The steam dragon is moderately wounded.
You are engulfed in a cloud of scalding steam.
The searing ray hits the steam dragon!
The steam dragon is heavily wounded.
You finish channelling your searing ray.
You are engulfed in a cloud of scalding steam.
The steam dragon barely misses you. The steam dragon closely misses you.
You hit the steam dragon.
Your weapon exudes an aura of protection.
Your bite misses the steam dragon.
The steam dragon is severely wounded.
You are engulfed in a cloud of scalding steam.
The steam dragon closely misses you.
The steam dragon claws you but does no damage.
You closely miss the steam dragon.
The steam dragon is severely wounded.
You are engulfed in a cloud of scalding steam.
You hit the steam dragon.
You bite the steam dragon, but do no damage.
The steam dragon is severely wounded.
The steam dragon closely misses you. x2
You hit the steam dragon but do no damage.
The steam dragon is severely wounded.
The steam dragon breathes steam at you. The ball of steam hits you!
* * * LOW HITPOINT WARNING * * *
You closely miss the steam dragon.
The steam dragon is severely wounded.
You are engulfed in a cloud of scalding steam.
* * * LOW HITPOINT WARNING * * *
The steam dragon breathes steam at you. The ball of steam hits you!
You die...

#.# #.# #.., #.# #.# #.#
* #####.####.##### #.#
** #.....#........####.#
* #..##.#.##.....).##.##
#...8...##.###.#.#.).##.
#..........# #.#.).).D..
##8.§§8.##.# #.[<.))....
#...§§@D..# ###.##)####
#.§8§..#..# #.##.#
###.##.#.....∆..##.#
#.##.#.#########'#
#(##... ...** #.####.*,
... #.., .., ,...,, #. ,
.. , , , ,


You could see a steam dragon (catching breath).

Vanquished Creatures
  Eustachio (D:5)
  2 steam dragons
  3 water moccasins (D:7)
  An orc warrior (D:8)
  An ice beast (D:7)
  3 black bears
  2 centaurs (D:6)
  An ogre (D:4)
  Blork the orc (D:6)
  A kobold brigand (D:8)
  2 phantoms
  3 bullfrogs
  A scorpion (D:7)
  5 orc priests
  2 iguanas (D:5)
  3 jellies
  8 orc wizards
  8 mummies (Ossuary)
  6 adders
  3 shadow imps (D:6)
  A worm (D:3)
  3 dart slugs
  13 orcs
  2 bats
  6 endoplasms
  2 giant cockroaches
  21 goblins
  10 hobgoblins
  3 jackals (D:4)
  8 ball pythons
  3 frilled lizards
  A gnoll zombie (Ossuary)
  3 hobgoblin zombies (Ossuary)
  15 kobolds
  2 kobold zombies (Ossuary)
  2 orc zombies (Ossuary)
  A rat (D:1)
  A spectral goblin (D:5)
154 creatures vanquished.

Vanquished Creatures (others)
  6 fulminant prisms
  13 fungi (D:4)
19 creatures vanquished.

Grand Total: 173 creatures vanquished

Notes
Turn   | Place    | Note
-------+----------+-------------------------------------------
     0 | D:1      | fragbeetle the Gnoll Conjurer began the quest for the Orb.
     0 | D:1      | Reached XP level 1. HP: 13/13 MP: 6/6
   192 | D:1      | Reached XP level 2. HP: 19/19 MP: 3/7
   374 | D:1      | Found Osuch's Assorted Antiques.
   981 | D:2      | Learned a level 2 spell: Searing Ray
  1001 | D:2      | Reached skill level 5 in Spellcasting
  1001 | D:2      | Reached XP level 3. HP: 25/25 MP: 5/9
  1459 | D:2      | Reached skill level 1 in Invocations
  2027 | D:3      | Reached skill level 1 in Fighting
  2027 | D:3      | Reached skill level 1 in Short Blades
  2027 | D:3      | Reached skill level 1 in Long Blades
  2027 | D:3      | Reached skill level 1 in Axes
  2027 | D:3      | Reached skill level 1 in Maces & Flails
  2027 | D:3      | Reached skill level 1 in Polearms
  2027 | D:3      | Reached skill level 1 in Staves
  2027 | D:3      | Reached skill level 1 in Slings
  2027 | D:3      | Reached skill level 1 in Bows
  2027 | D:3      | Reached skill level 1 in Crossbows
  2027 | D:3      | Reached skill level 1 in Throwing
  2027 | D:3      | Reached skill level 1 in Armour
  2027 | D:3      | Reached skill level 1 in Shields
  2027 | D:3      | Reached skill level 1 in Unarmed Combat
  2027 | D:3      | Reached skill level 1 in Evocations
  2027 | D:3      | Reached XP level 4. HP: 32/32 MP: 3/11
  2222 | D:3      | Found a faded altar of an unknown god.
  2308 | D:3      | Got the Incunabulum of Flamy Snow
  2519 | D:3      | Found a burning altar of Makhleb.
  2683 | D:3      | Reached skill level 1 in Hexes
  2683 | D:3      | Reached skill level 1 in Summonings
  2683 | D:3      | Reached skill level 1 in Necromancy
  2683 | D:3      | Reached skill level 1 in Translocations
  2683 | D:3      | Reached skill level 1 in Transmutations
  2683 | D:3      | Reached skill level 1 in Fire Magic
  2683 | D:3      | Reached skill level 1 in Ice Magic
  2683 | D:3      | Reached skill level 1 in Air Magic
  2683 | D:3      | Reached skill level 1 in Earth Magic
  2683 | D:3      | Reached skill level 1 in Poison Magic
  2686 | D:3      | Found an iron altar of Okawaru.
  2971 | D:4      | Found a shadowy altar of Dithmenos.
  3233 | D:4      | Found a staircase to the Ecumenical Temple.
  3236 | D:4      | Reached XP level 5. HP: 37/37 MP: 9/12
  3245 | Temple   | Entered the Ecumenical Temple
  3390 | Temple   | Became a worshipper of Ashenzari the Shackled
  3549 | D:4      | Learned a level 4 spell: Fulminant Prism
  3564 | D:4      | Found Vaozepp's General Store.
  3568 | D:4      | Found Zow Eheu's Specific Store.
  3573 | D:4      | Bought a potion of curing for 33 gold pieces
  3573 | D:4      | Bought a scroll of identify for 22 gold pieces
  3573 | D:4      | Bought a potion of berserk rage for 55 gold pieces
  4077 | D:4      | Noticed an ogre
  4083 | D:4      | Killed an ogre
  4084 | D:4      | Reached XP level 6. HP: 44/44 MP: 6/13
  4168 | D:4      | Reached skill level 5 in Dodging
  4438 | D:4      | Found a runed translucent door.
  4439 | D:4      | Noticed Crazy Yiuf
  4489 | D:5      | Entered Level 5 of the Dungeon
  4661 | D:5      | Found a hazy altar of Hepliaklqana.
  4876 | D:5      | Noticed a black bear
  4888 | D:5      | Killed a black bear
  4889 | D:5      | Reached XP level 7. HP: 47/50 MP: 5/15
  5023 | D:5      | Noticed Edmund
  5142 | D:5      | Learned a level 4 spell: Sticky Flame
  5186 | D:5      | Noticed Eustachio
  5216 | D:5      | Killed Eustachio
  5217 | D:5      | Reached skill level 5 in Stealth
  5555 | D:5      | Noticed a steam dragon
  5644 | D:5      | Killed a steam dragon
  5645 | D:5      | Reached XP level 8. HP: 28/57 MP: 7/16
  5886 | D:5      | Reached * piety under Ashenzari
  6650 | D:6      | Noticed Blork the orc
  6664 | D:6      | Killed Blork the orc
  7027 | D:6      | Found an ornate altar of the Wu Jian Council.
  7396 | D:6      | Found a shimmering altar of Xom.
  7612 | D:7      | Reached XP level 9. HP: 65/65 MP: 13/18
  7677 | D:7      | Learned a level 4 spell: Iskenderun's Mystic Blast
  7791 | D:7      | Found a glowing golden altar of the Shining One.
  7938 | D:7      | Reached ** piety under Ashenzari
  8109 | D:7      | Reached skill level 8 in Conjurations
  8417 | D:8      | Found a sand-covered staircase.
  8502 | Ossuary  | Entered an ossuary
  9118 | D:8      | Killed from afar by a steam dragon

Illustrated notes

Levels and vault maps discovered:
D:1:      matt_arrival_refuge, layout_loops_ring, serial_shops,
          nicolae_shop_trees, minmay_tripent
D:2:      cheibrodos_greedy_goblins, layout_basic, minmay_misc_feat_iff
D:3:      layout_basic, lightli_temple_of_fire, kennysheep_okawaru_gauntlet,
          nicolae_ecumenical_snake_handling
D:4:      layout_loops_ring, grunt_dithmenos_smoke_and_mirrors,
          minmay_temple_entry_wispy, serial_aquarium, aquarium_bridge_straight
          [aquarium_subvault_bridge, aquarium_subvault_wall,
          aquarium_subvault_bridge, aquarium_subvault_window],
          aquarium_bridge_square [aquarium_subvault_bridge,
          aquarium_subvault_bridge, aquarium_subvault_wall,
          aquarium_subvault_bridge], aquarium_window_corridor_1,
          aquarium_window_fake, aquarium_view_2g, nicolae_specific_store,
          chequers_serial_rivers_micro_c, uniq_crazy_yiuf_cottage
D:5:      layout_loops_ring, nicolae_hepliaklqana_monster_ancestors,
          amcnicky_mini_corridor_feature, eino_tiny_chamber,
          minmay_misc_feat_chi, st_stairs_4, uniq_edmund, uniq_eustachio
D:6:      layout_basic, nzn_wu_jian_contemplation,
          mainiacjoe_overflow_tiny_flanked, uniq_blork_the_orc
D:7:      layout_rooms, overflow_temple_1_default
D:8:      layout_loops_corners, mainiacjoe_overflow_six_doors_small,
          mainiacjoe_overflow_alcove_4, gammafunk_ghost_nasty_kobolds,
          nicolae_ossuary_entry_monument, uniq_harold, uniq_joseph
Temple:   nicolae_temple_figure_eight

Skill      XL: |  1  2  3  4  5  6  7  8  9 |
---------------+----------------------------+-----
Spellcasting   | 5 6 |  6.8
Invocations    | 1 2 3 4 |  4.9
Fighting       | 1 2 3 4 |  4.4
Short Blades   | 1 2 3 4 |  4.4
Long Blades    | 1 2 3 4 |  4.4
Axes           | 1 2 3 4 |  4.4
Maces & Flails | 1 2 3 4 |  4.4
Polearms       | 1 2 3 4 |  4.4
Staves         | 1 2 3 4 |  4.4
Slings         | 1 2 3 4 |  4.4
Bows           | 1 2 3 4 |  4.4
Crossbows      | 1 2 3 4 |  4.4
Throwing       | 1 2 3 4 |  4.4
Armour         | 1 2 3 4 |  4.4
Shields        | 1 2 3 4 |  4.4
Unarmed Combat | 1 2 3 4 |  4.4
Evocations     | 1 2 3 4 |  4.4
Hexes          | 1 2 3 |  3.6
Summonings     | 1 2 3 |  3.6
Necromancy     | 1 2 3 |  3.6
Translocations | 1 2 3 |  3.6
Transmutations | 1 2 3 |  3.6
Fire Magic     | 1 2 3 |  3.6
Ice Magic      | 1 2 3 |  3.6
Air Magic      | 1 2 3 |  3.6
Earth Magic    | 1 2 3 |  3.6
Poison Magic   | 1 2 3 |  3.6
Dodging        | 5 6 |  6.4
Stealth        | 5 6 |  6.2
Conjurations   | 8 |  8.1

Action                   |  1- 3 |  4- 6 |  7- 9 || total
-------------------------+-------+-------+-------++-------
Melee: Short sword       |     1 |     1 |    55 ||    57
       Bite              |       |       |     4 ||     4
 Cast: Magic Dart        |    46 |    99 |    89 ||   234
       Searing Ray       |     4 |     9 |    38 ||    51
       Fulminant Prism   |       |       |     6 ||     6
       Sticky Flame      |       |       |     2 ||     2
Invok: Curse Item        |       |     1 |     2 ||     3
  Use: Scroll            |       |    10 |       ||    10
Armor: Robe              |     2 |     1 |       ||     3
       Leather armour    |       |     2 |    21 ||    23
Dodge: Dodged            |     4 |    16 |    63 ||    83
Block: Buckler           |       |     3 |    19 ||    22

Table legend: (Time is in decaauts)
 A = Elapsed time spent in this place.
 B = Non-inter-level travel time spent in this place.
 C = Inter-level travel time spent in this place.
 D = Time resting spent in this place.
 E = Time spent auto-exploring this place.
 F = Levels seen in this place.
 G = Mean time per level.
                   A        B        C        D        E       F      G
               +--------+--------+--------+--------+--------+-----+--------+
         Total |   9114 |   8719 |    395 |    584 |   6865 |  10 |  911.4 |
       Dungeon |   8235 |   7866 |    369 |    276 |   6548 |   8 | 1029.4 |
        Temple |    284 |    258 |     26 |      0 |    240 |   1 |  284.0 |
       Ossuary |    593 |    593 |      0 |    308 |     77 |   1 |  593.0 |
               +--------+--------+--------+--------+--------+-----+--------+

Top non-repeatable levels by time:
     D:5: 1678 daAuts
     D:4: 1662 daAuts
     D:6: 1123 daAuts
     D:2: 1020 daAuts
     D:1: 974 daAuts
     D:3: 838 daAuts
     D:7: 714 daAuts
 Ossuary: 593 daAuts
  Temple: 284 daAuts
     D:8: 221 daAuts
